Map: Ruins of Endion

Players

EJK - Winner!

  • Race: Terran Terran
  • League: Master

Miszu

  • Race: Terran Terran
  • League: Master

VOD

Have the link to the VOD?

Description

Time

  • Played on: May 1, 2016, 3:51 p.m.
  • Length: 16:05
Show
View Real Time Build Order
Export as new Build Order

EJK Terran - Winner!

Build Orders: Reaper Expand, MMM Bio 

Get SALT Encoding   

  12  0:00  SCV  
  13  0:12  SCV  
  14  0:18  Supply Depot  
  14  0:25  SCV  
  15  0:39  SCV  
  15  0:41  Barracks  
  16  0:45  Refinery  
  16  0:51  SCV  
  17  1:03  SCV  
  18  1:15  SCV  
  19  1:28  Reaper, Orbital Command  
  20  1:43  Command Center  
  20  1:53  Supply Depot  
  20  1:55  SCV  
  20  2:01  Marine  
  22  2:07  SCV  
  23  2:13  Bunker  
  23  2:19  Marine, SCV  
  25  2:23  Factory  
  25  2:31  SCV  
  25  2:34  Refinery  
  25  2:36  Marine  
  27  2:43  SCV  
  28  2:55  SCV  
  29  2:58  Marine  
  29  2:59  Orbital Command  
  30  3:07  Hellion  
  30  3:08  Starport, SCV  
  33  3:20  SCV  
  33  3:22  Barracks Reactor  
  33  3:26  SCV  
  35  3:29  Factory Tech Lab  
  35  3:32  Supply Depot, SCV  
  36  3:38  SCV  
  37  3:44  Viking  
  37  3:45  Engineering Bay  
  39  3:49  Cyclone  
  39  3:50  SCV x2  
  44  4:02  SCV  
  45  4:03  SCV  
  45  4:04  Marine x2  
  48  4:12  Supply Depot  
  48  4:13  Missile Turret  
  48  4:15  SCV  
  41  4:29  SCV x2  
  33  4:41  SCV  
  33  4:44  Missile Turret  
  33  4:46  SCV  
  33  4:48  Siege Tank  
  37  4:53  SCV  
  37  4:58  SCV  
  39  5:03  Viking  
  39  5:05  SCV  
  42  5:10  SCV  
  42  5:12  Missile Turret  
  42  5:13  Viking  
  45  5:17  SCV  
  43  5:22  SCV  
  43  5:29  SCV  
  43  5:33  Refinery  
  43  5:34  Refinery, SCV  
  45  5:45  SCV  
  45  5:46  SCV  
  46  5:57  Medivac x2, SCV  
  47  5:58  SCV  
  52  6:05  Supply Depot  
  52  6:09  SCV  
  52  6:10  SCV  
  54  6:12  Siege Tank  
  57  6:21  SCV  
  57  6:22  SCV  
  59  6:31  Viking  
  59  6:33  SCV  
  59  6:34  SCV  
  59  6:39  Viking  
  63  6:45  SCV  
  64  6:52  Factory Tech Lab, Stimpack  
  64  6:55  SCV  
  64  6:57  SCV  
  66  7:05  Marine  
  66  7:07  SCV  
  68  7:09  SCV  
  69  7:24  Marine  
  69  7:27  Terran Infantry Weapons Level 1  
  69  7:29  Supply Depot, Barracks  
  70  7:30  Barracks  
  70  7:45  Marine, SCV  
  70  7:49  SCV  
  70  7:50  Siege Tank  
  72  7:57  SCV  
  73  8:03  Medivac x2  
  77  8:08  Command Center  
  77  8:12  Barracks  
  77  8:17  Barracks  
  77  8:27  Marine  
  77  8:31  Siege Tank  
  77  8:32  Supply Depot  
  78  8:34  Barracks Reactor  
  78  8:37  Medivac x2  
  83  8:50  SCV x2  
  83  8:52  Barracks Reactor  
  83  8:53  Combat Shields  
  84  8:56  Supply Depot  
  84  9:02  SCV x2  
  86  9:09  Siege Tank  
  89  9:11  Medivac x2  
  89  9:14  SCV  
  94  9:18  SCV  
  94  9:21  Terran Infantry Armor Level 1  
  94  9:22  Barracks Reactor x2  
  95  9:33  Orbital Command  
  95  9:34  SCV x2  
  97  9:40  Marine x3  
  97  9:43  Marine  
  97  9:44  Marine  
  102  9:46  Sensor Tower  
  102  9:51  SCV x2  
  104  9:55  Siege Tank  
  104  9:58  Marine x3  
  110  10:01  Supply Depot, Marine x2  
  110  10:02  Marine  
  110  10:03  Marine, SCV x2  
  110  10:05  Marine  
  117  10:19  Marine  
  114  10:24  Marine x2  
  114  10:25  Marine  
  105  10:36  Siege Tank  
  105  10:38  Medivac  
  105  10:39  Medivac  
  105  10:40  Marine x4, Armory  
  105  10:41  Marine x2  
  105  10:42  Engineering Bay  
  115  10:43  Marine x2  
  115  10:44  Marine  
  115  10:47  SCV x2  
  115  10:48  SCV  
  121  10:54  Refinery, Command Center  
  121  10:55  Refinery  
  121  10:57  Sensor Tower  
  121  10:58  Marine  
  121  10:59  SCV  
  121  11:00  SCV x2  
  125  11:12  Marine x3, Siege Tank, SCV x2  
  133  11:20  Factory  
  133  11:39  Terran Infantry Armor Level 2, Terran Infantry Weapons Level 2  
  133  11:40  Terran Vehicle Weapons Level 1  
  133  11:47  Supply Depot  
  133  12:03  Factory Tech Lab  
  133  12:05  Marine x9, Siege Tank, SCV x3  
  133  12:06  Supply Depot  
  148  12:09  Supply Depot  
  148  12:10  Barracks  
  148  12:11  Barracks  
  148  12:17  SCV x3  
  151  12:23  Marine x9  
  162  12:30  SCV x3  
  157  12:41  Marine x4  
  157  12:42  SCV  
  159  12:44  Siege Tank  
  159  12:46  Medivac x2  
  159  12:47  Marine  
  159  12:48  Marine x4  
  170  12:55  Siege Tank  
  170  12:57  Planetary Fortress  
  173  12:59  Marine x3  
  176  13:08  Supply Depot x2  
  176  13:16  Medivac x2  
  176  13:18  Barracks Reactor x2  
  180  13:21  Refinery  
  180  13:22  Refinery  
  180  13:29  Marine x7  
  180  13:30  Marine x2, Siege Tank  
  180  13:34  Factory, Siege Tank  
  195  13:47  Marine x4  
  195  13:48  Marine x3  
  180  13:49  Marine  
  180  13:52  Medivac  
  147  14:02  Siege Tank  
  148  14:06  Siege Tank  
  148  14:09  Marine  
  151  14:10  Marine x10  
  162  14:20  Command Center  
  162  14:21  Factory Tech Lab  
  160  14:27  Marine x3  
  160  14:29  Marine  
  160  14:30  Marine  
  165  14:33  Viking x2, Marine  
  165  14:34  Marine, Siege Tank  
  165  14:35  Marine x2  
  165  14:37  Marine  
  165  14:38  Marine x2, Siege Tank  
  182  14:52  Siege Tank  
  184  15:06  Siege Tank  
  187  15:08  Marine x4  
  187  15:10  Siege Tank  
  187  15:13  Marine x2  
  190  15:14  Marine x2  
  192  15:21  Medivac  
  192  15:22  Medivac  
  196  15:32  Marine x4  
  200  15:40  Marine x2  
  200  15:41  Marine x2  
  200  15:42  Marine x2  
  199  15:46  Marine  
Show
View Real Time Build Order
Export as new Build Order

Miszu Terran 

Build Orders: 1/1/1, Banshee Rush 

Get SALT Encoding   

  12  0:01  SCV  
  13  0:13  SCV  
  14  0:18  Supply Depot  
  14  0:25  SCV  
  15  0:28  Refinery  
  15  0:39  SCV  
  16  0:46  Barracks  
  16  0:53  SCV  
  17  1:03  Refinery  
  17  1:05  SCV  
  18  1:17  SCV  
  20  1:32  Orbital Command  
  20  1:35  Factory  
  20  1:39  Reaper  
  20  1:50  Supply Depot  
  20  1:58  SCV  
  21  2:10  SCV  
  21  2:11  Reaper  
  23  2:20  Starport  
  23  2:24  Hellion  
  23  2:25  SCV  
  26  2:32  Supply Depot  
  26  2:38  SCV  
  26  2:43  Reaper  
  28  2:50  Hellion, SCV  
  31  2:59  Medivac  
  33  3:14  Hellion  
  33  3:16  Barracks Tech Lab  
  35  3:24  Command Center  
  35  3:27  SCV  
  35  3:31  Supply Depot  
  36  3:41  Factory Tech Lab  
  36  3:43  Barracks Reactor  
  36  3:44  SCV  
  36  3:46  Cloaking Field  
  37  3:52  Banshee  
  39  4:05  SCV  
  39  4:09  Siege Tank  
  36  4:35  SCV  
  36  4:36  Marine x2  
  36  4:38  Banshee  
  39  4:41  Orbital Command  
  37  4:47  SCV  
  38  4:59  SCV  
  39  5:08  SCV  
  39  5:09  Command Center  
  39  5:11  SCV  
  41  5:20  SCV  
  42  5:23  SCV  
  39  5:32  SCV  
  41  5:35  SCV  
  41  5:36  Starport Reactor  
  41  5:37  Marine, Barracks  
  41  5:38  Marine  
  41  5:39  Barracks  
  43  5:45  SCV  
  43  5:47  SCV  
  45  5:55  Refinery, Marine  
  45  5:56  Refinery, Marine  
  45  5:57  SCV  
  45  5:58  Siege Tank  
  45  5:59  SCV  
  49  6:09  SCV  
  50  6:12  SCV  
  50  6:13  Engineering Bay x2  
  50  6:18  Marine x2  
  53  6:21  SCV  
  50  6:29  SCV  
  51  6:33  Siege Tank, SCV  
  55  6:41  SCV  
  55  6:42  Marine x2, Orbital Command  
  55  6:45  Barracks Tech Lab, SCV  
  55  6:46  Medivac x2  
  63  6:52  Marine  
  63  6:54  SCV  
  65  6:57  Terran Infantry Armor Level 1  
  65  6:59  Terran Infantry Weapons Level 1  
  63  7:18  Marine x3  
  67  7:31  Stimpack  
  67  7:32  SCV  
  67  7:33  SCV x2  
  67  7:35  Marine  
  67  7:36  Marine  
  71  7:41  Barracks Tech Lab  
  68  7:44  SCV  
  68  7:50  SCV  
  68  7:54  Marine  
  68  7:56  SCV  
  71  8:00  Marine  
  71  8:02  SCV  
  71  8:03  Barracks x2  
  71  8:04  Barracks Reactor  
  71  8:08  Supply Depot, SCV  
  71  8:09  Armory  
  71  8:11  Marine  
  73  8:18  Marine, Orbital Command  
  69  8:25  Medivac  
  71  8:28  Siege Tank  
  71  8:29  Marine  
  75  8:35  Marine  
  75  8:38  Combat Shields  
  75  8:41  Marine  
  74  8:42  Marine  
  74  8:45  SCV x2  
  74  8:46  SCV  
  74  8:47  Factory, Marine  
  79  8:53  Barracks Reactor, Marine  
  80  8:57  SCV  
  80  8:58  SCV  
  80  8:59  Marine  
  80  9:01  SCV  
  84  9:02  Barracks Reactor  
  84  9:05  Marine  
  84  9:10  Marine  
  84  9:11  Starport Reactor  
  84  9:13  Terran Infantry Armor Level 2, Terran Infantry Weapons Level 2  
  84  9:14  Terran Vehicle Weapons Level 1  
  84  9:16  Supply Depot  
  84  9:17  Supply Depot  
  85  9:22  Supply Depot  
  85  9:23  Supply Depot  
  85  9:26  Supply Depot  
  85  9:32  Supply Depot, Refinery  
  85  9:33  Refinery  
  85  9:34  Supply Depot  
  85  9:35  Factory Tech Lab  
  85  9:36  Supply Depot x2  
  85  9:37  Marine x3, SCV  
  89  9:38  Supply Depot  
  89  9:42  Supply Depot  
  89  9:44  Supply Depot  
  89  9:49  Medivac, Siege Tank  
  89  9:50  Medivac  
  89  9:51  SCV  
  97  9:55  SCV  
  97  9:56  SCV  
  99  10:03  Sensor Tower, SCV  
  100  10:07  Sensor Tower, SCV  
  100  10:08  SCV  
  58  10:29  Marine x2  
  58  10:30  Marine x6  
  58  10:31  Siege Tank  
  58  10:35  SCV x3  
  69  10:47  Marine x2, SCV  
  69  10:48  Marine x6  
  78  10:50  Medivac x2  
  82  10:59  Siege Tank  
  82  11:03  SCV  
  86  11:04  Marine  
  86  11:05  Marine x3, SCV  
  86  11:06  Marine x3, SCV  
  95  11:15  SCV  
  95  11:16  Sensor Tower  
  96  11:20  Medivac x2  
  96  11:22  SCV  
  96  11:23  SCV  
  102  11:27  SCV  
  103  11:40  SCV  
  103  11:41  SCV x2  
  103  11:42  Siege Tank  
  103  11:43  Siege Tank  
  112  11:50  Medivac  
  112  11:53  SCV  
  112  11:54  SCV x2  
  117  11:55  Marine x2  
  122  12:01  Medivac  
  122  12:05  SCV  
  122  12:06  SCV x2  
  124  12:19  Marine  
  124  12:24  SCV  
  113  12:38  Marine  
  113  12:39  Marine x7  
  113  12:40  Siege Tank  
  113  12:43  Factory Tech Lab  
  122  12:56  Marine  
  122  12:57  Marine x7  
  130  13:04  Siege Tank  
  130  13:05  Sensor Tower, Medivac x2  
  137  13:09  Barracks  
  137  13:11  Barracks  
  137  13:12  Siege Tank, Barracks  
  140  13:14  Marine x6  
  140  13:15  Marine x2  
  148  13:25  Supply Depot x2  
  148  13:32  Marine x8  
  156  13:35  Medivac  
  158  13:44  Siege Tank  
  152  13:49  Marine  
  152  13:50  Marine x7  
  133  14:02  Siege Tank  
  132  14:05  Medivac x2  
  132  14:07  Marine  
  132  14:08  Marine x3  
  144  14:14  Command Center  
  144  14:16  Siege Tank  
  140  14:30  Barracks Reactor x2  
  140  14:31  Sensor Tower  
  140  14:34  Siege Tank  
  142  14:43  Marine x4  
  146  14:48  Siege Tank  
  149  14:56  Medivac  
  151  15:06  Medivac, Siege Tank  
  156  15:07  Marine  
  148  15:19  Marine  
  148  15:20  Marine x7, Siege Tank  
  148  15:26  Medivac  
  150  15:34  Marine  
  151  15:42  Marine x3  
  139  15:43  Marine x7  
  139  15:44  Marine  
Tags
 
Composition
MMM Bio
Matchup
TvT
Player
EJK
Race
Terran
Strategy
Banshee Rush
Add a new tag
Caveats
  • Supply blocks, unpowered buildings, or Contaminate may cause inaccurate times.
  • Supply counts are checked every 10 seconds.